 Dungeon Crawl Stone Soup version 0.20-a0-949-g916514f (webtiles) character file.

199 AlphabetPasta the Grave Robber (level 5, 0/37 HPs)
             Began as a Barachi Necromancer on Apr 3, 2017.
             Slain by a water moccasin zombie (4 damage)
             ... on level 4 of the Dungeon.
             The game lasted 00:16:10 (4056 turns).

AlphabetPasta the Grave Robber (BaNe)               Turns: 4056, Time: 00:16:13

Health: 0/37       AC:  3    Str: 10    XL:     5   Next: 77%
Magic:  9/9        EV: 13    Int: 15    God:
Gold:   116        SH:  0    Dex: 13    Spells: 2/10 levels left

rFire    . . .     SeeInvis .   k - +0 war axe
rCold    . . .     Gourm    .   (no shield)
rNeg     . . .     Faith    .   a - +1 robe
rPois    .         Spirit   .   (no helmet)
rElec    .         Reflect  .   (no cloak)
rCorr    .         Harm     .   (no gloves)
MR       .....                  (no boots)
Stlth    ++........             (no amulet)
Regen    0.2/turn               (no ring)
MPRegen  0.2/turn               (no ring)

@: slow
A: +LOS, swims, slowness 1, strong legs 1
a: Hop


You were on level 4 of the Dungeon.
You were not hungry.

You visited 1 branch of the dungeon, and saw 4 of its levels.

You collected 116 gold pieces.

Inventory:

Hand Weapons
 d - a +1 club
 k - a +0 war axe (weapon)
Armour
 a - a +1 robe (worn)
 g - a +0 large shield
Jewellery
 o - a +3 ring of dexterity {unknown}
Scrolls
 h - a scroll of teleportation
 i - a scroll of enchant weapon
 p - a scroll of enchant armour
Potions
 l - a potion of flight
 m - a potion of ambrosia {unknown}
Books
 b - a book of Necromancy

   Spells                             Type                      Level
   a - Pain                           Necromancy                   1
   b - Animate Skeleton               Necromancy                   1
   c - Vampiric Draining              Necromancy                   3
   d - Regeneration                   Charms/Necromancy            3
   e - Animate Dead                   Necromancy                   4
   f - Control Undead                 Necromancy                   4
Comestibles
 c - 3 bread rations
 f - 2 meat rations


   Skills:
 + Level 1.3 Fighting
 + Level 1.6 Armour
 + Level 3.2 Dodging
 - Level 1.7 Stealth
 + Level 1.4 Shields
 + Level 3.2 Spellcasting
 * Level 4.7 Necromancy


You had 2 spell levels left.
You knew the following spells:

 Your Spells              Type           Power        Failure   Level  Hunger
a - Pain                  Necr           ###.         2%          1    #......
b - Animate Skeleton      Necr           N/A          2%          1    #......
c - Vampiric Draining     Necr           ###.......   10%         3    ###....
d - Regeneration          Chrm/Necr      #.........   24%         3    ###....


Dungeon Overview and Level Annotations

Branches:
Dungeon (4/15)
 Temple: D:4-7

Altars:
Makhleb


Innate Abilities, Weirdness & Mutations

Shadows flee at your approach. (+LOS)
You can swim through water.
You cover ground slowly.
You can hop short distances.


Message History

You slash the water moccasin zombie!
The water moccasin zombie is almost destroyed.
The water moccasin zombie bites you!
* * * LOW HITPOINT WARNING * * *
The water moccasin zombie misses you.
You closely miss the water moccasin zombie.
The water moccasin zombie is almost destroyed.
The water moccasin zombie completely misses you.
The water moccasin zombie bites you.
* * * LOW HITPOINT WARNING * * *
You feel better. The water moccasin zombie bites you.
* * * LOW HITPOINT WARNING * * *
A goblin comes into view. It is wielding a dagger.
The goblin shouts!
You hit the water moccasin zombie.
The water moccasin zombie is almost destroyed.
The water moccasin zombie bites you.
* * * LOW HITPOINT WARNING * * *
The water moccasin zombie bites you.
You die...

.# .....######
#......###.<###
#..###@Z.......
......(.####.....
####..##. ### #
#. #. #. # .g #
#. #..8.. ..
#....#


You could see a water moccasin zombie and a goblin.

Vanquished Creatures
  A hound (D:3)
  A howler monkey skeleton (D:4)
  3 gnolls (D:4)
  4 adders
  An ooze (D:1)
  A dart slug (D:2)
  2 leopard geckos
  4 orcs (D:3)
  A ball python (D:2)
  2 giant cockroaches
  8 goblins
  2 hobgoblins
  4 jackals (D:2)
  7 kobolds
  4 bats
  3 frilled lizards
  6 rats
54 creatures vanquished.

Vanquished Creatures (collateral kills)
  A worker ant (D:3)
  An ooze (D:1)
  A worm (D:3)
  A leopard gecko (D:3)
  3 goblins
  A kobold (D:3)
  A frilled lizard (D:2)
  2 rats
11 creatures vanquished.

Grand Total: 65 creatures vanquished

Notes
Turn   | Place    | Note
-------+----------+-------------------------------------------
     0 | D:1      | AlphabetPasta the Barachi Necromancer began the quest for the Orb.
     0 | D:1      | Reached XP level 1. HP: 13/13 MP: 3/3
    66 | D:1      | Learned a level 1 spell: Animate Skeleton
   108 | D:1      | Reached XP level 2. HP: 12/19 MP: 5/5
   556 | D:1      | Reached skill level 4 in Necromancy
   928 | D:1      | Reached XP level 3. HP: 15/24 MP: 2/6
   933 | D:1      | Learned a level 3 spell: Vampiric Draining
  1770 | D:2      | Noticed a bullfrog
  1938 | D:2      | Reached XP level 4. HP: 30/30 MP: 7/7
  1946 | D:2      | Learned a level 3 spell: Regeneration
  2267 | D:3      | Learned a level 3 spell: Regeneration
  2286 | D:3      | Found a burning altar of Makhleb.
  2427 | D:3      | Reached skill level 1 in Shields
  2529 | D:3      | Reached skill level 1 in Fighting
  2529 | D:3      | Reached skill level 1 in Armour
  2529 | D:3      | Reached XP level 5. HP: 11/37 MP: 2/9
  3471 | D:4      | HP: 1/37 [water moccasin zombie (8)]
  4056 | D:4      | Slain by a water moccasin zombie

Vault maps used:
D:1:      minmay_arrival_plants_in_alcoves, minmay_misc_feat_nine_boxes,
          minmay_distorted
D:2:      first_bread, lightli_corner_chamber
D:3:      makhleb_blood_cavern_becter
D:4:      minmay_misc_feat_four_crosses, uniq_robin

Skill      XL: |  1  2  3  4  5 |
---------------+----------------+-----
Necromancy     | 4 |  4.7
Shields        | 1 |  1.4
Fighting       | 1 |  1.3
Armour         | 1 |  1.6
Spellcasting   | 3 |  3.2
Dodging        | 3 |  3.2
Stealth        | |  1.7

Action                   |  1- 3 |  4- 6 || total
-------------------------+-------+-------++-------
Melee: Club              |    59 |       ||    59
       War axe           |    44 |    85 ||   129
 Cast: Pain              |    26 |    12 ||    38
       Animate Skeleton  |    13 |    11 ||    24
       Vampiric Draining |       |     1 ||     1
 Abil: Hop               |     1 |       ||     1
  Use: Scroll            |    10 |     8 ||    18
       Potion            |     1 |     2 ||     3
 Stab: Sleeping          |     4 |     3 ||     7
       Distracted        |     1 |     1 ||     2
  Eat: Chunk             |     2 |     5 ||     7
       Royal jelly       |     1 |       ||     1
       Meat ration       |       |     1 ||     1
       Fruit             |       |     1 ||     1
Armor: Robe              |    29 |    18 ||    47
Dodge: Dodged            |    96 |    76 ||   172
